 Dungeon Crawl Stone Soup version 0.26.1-11-gd32895ea62 (webtiles) character file.

Game seed: 474837905041636173

2622 nomophobia the Quickloader (level 9, -3/53 HPs)
             Began as a Kobold Hunter on May 17, 2021.
             Was a Priest of Trog.
             Slain by an orc warrior
             ... wielding a +0 glaive
              (18 damage)
             ... on level 6 of the Dungeon.
             The game lasted 02:03:17 (6548 turns).

nomophobia the Quickloader (Kobold Hunter)          Turns: 6548, Time: 02:03:18

Health: -3/53      AC: 11    Str:  9    XL:     9   Next: 91%
Magic:  9/9        EV: 19    Int: 12    God:    Trog [***...]
Gold:   41         SH:  0    Dex: 25    Spells: 8/8 levels left

rFire    . . .     SeeInvis .   q - +2 dagger (elec)
rCold    . . .     Faith    .   (shield restricted)
rNeg     . . .     Spirit   .   h - +3 ring mail
rPois    .         Reflect  .   e - +0 helmet
rElec    .         Harm     .   (no cloak)
rCorr    .         Rampage  .   (no gloves)
Will     .....                  p - +1 pair of boots {Stlth+}
Stlth    +++++.....             (no amulet)
HPRegen  0.17/turn              v - +6 ring of dexterity
MPRegen  0.11/turn              (no ring)

@: no status effects
A: small, nightstalker 3
a: Renounce Religion, Berserk, Trog's Hand


You were on level 6 of the Dungeon.
You worshipped Trog.
Trog was most pleased with you.
You visited 1 branch of the dungeon, and saw 6 of its levels.
You also visited: Sewer.

You collected 255 gold pieces.
You spent 214 gold pieces at shops.

Inventory:

Hand Weapons
 a - a +1 hand crossbow
 f - a +1 short sword of electrocution
 q - a +2 dagger of electrocution (weapon)
Missiles
 d - 30 bolts
 x - 48 poisoned darts (quivered)
Armour
 b - a +2 scale mail of cold resistance
 e - a +0 helmet (worn)
 h - a +3 ring mail (worn)
 n - the +8 chain mail of Forking Paths {+Inv, unknown}
   (You found it on level 5 of the Dungeon)

   It lets you turn invisible.
 p - a +1 pair of boots of stealth (worn)
Jewellery
 m - a cursed ring of attention {unknown}
 v - a +6 ring of dexterity (left hand)
Scrolls
 l - 2 scrolls of teleportation
 o - 5 scrolls of blinking
 w - 3 scrolls of remove curse
Potions
 g - a potion of attraction
 i - a potion of magic {unknown}
 j - 3 potions of invisibility {unknown}
 k - a potion of degeneration {unknown}
 A - 2 potions of heal wounds


   Skills:
 + Level 4.9 Fighting
 * Level 7.3 Short Blades
 + Level 8.1 Crossbows
 + Level 4.2 Throwing
 + Level 3.1 Armour
 * Level 7.4 Dodging
 + Level 5.7 Stealth


You had 8 spell levels left.
You didn't know any spells.
Your spell library was empty.

Dungeon Overview and Level Annotations

Branches:
Dungeon (6/15)             Temple (0/1) D:4           Sewer (visited)

Altars:
Cheibriados
Dithmenos
Qazlal
Ru
Trog
Wu Jian
Xom
Zin

Shops:
D:5 [


Innate Abilities, Weirdness & Mutations

You are small and have problems with some larger weapons.
You are completely attuned to the shadows.


Message History

You kill the iguana!
Trog accepts your kill.
You throw a poisoned dart. The poisoned dart hits the killer bee.
The killer bee looks even sicker.
The killer bee is heavily wounded.
The killer bee barely misses you. The orc warrior barely misses you.
You completely miss the killer bee.
The killer bee is heavily wounded.
The killer bee barely misses you.
You hit the killer bee.
Lightning courses through the killer bee!
You kill the killer bee!
Trog accepts your kill.
The orc warrior hits you from afar with a +0 glaive!
* * * LOW HITPOINT WARNING * * *
Items here: ( )) [ †††.
You hit the orc warrior.
The orc warrior is lightly wounded.
The orc warrior hits you with a +0 glaive!!
You die...

#.# #.# #####.#
....).######## ##
####..>......#### #.
#.#.####.....# #.
#.#.####...(.# #.
#(#.#........####.
###@#.+............(
+.(o###........#####
l.##.(..#...)....#
...'.(..#........#
...#....#......#.#
#......#......#.##
##+#.<....#......#..####
.$..).....#).....#......
........###......#......


You could see an orc warrior (poisoned).

Vanquished Creatures
  A two-headed ogre (D:6)
  Purgy (Sewer)
  An orc warrior (D:6)
  An ice beast (D:5)
  An ogre (D:6)
  A necrophage (D:6)
  3 centaurs
  2 scorpions
  A wyvern skeleton (D:6)
  5 killer bees (D:6)
  2 howler monkeys (D:4)
  2 hounds
  A jelly (D:5)
  A gnoll shaman (D:4)
  2 bullfrog skeletons (D:6)
  A centaur skeleton (D:6)
  2 iguanas (D:6)
  7 orc wizards
  4 worker ants
  3 hound skeletons
  3 gnolls (D:4)
  12 adders
  A river rat (D:4)
  3 white imps (D:5)
  5 oozes
  An adder skeleton (D:6)
  2 worms
  A dart slug (D:1)
  5 leopard geckos
  20 orcs
  4 giant cockroaches
  5 goblins
  4 hobgoblins
  2 jackals (D:1)
  8 kobolds
  2 quokkas
  9 bats
  3 frilled lizards
  A quokka skeleton (D:6)
  A quokka zombie (D:6)
  8 rats
142 creatures vanquished.

Vanquished Creatures (others)
  An orc priest (D:3)
  An orc wizard (D:3)
  2 orcs (D:3)
4 creatures vanquished.

Grand Total: 146 creatures vanquished

Notes
Turn   | Place    | Note
-------+----------+-------------------------------------------
     0 | D:1      | nomophobia the Kobold Hunter began the quest for the Orb.
     0 | D:1      | Reached XP level 1. HP: 12/12 MP: 1/1
   190 | D:1      | Reached XP level 2. HP: 17/17 MP: 2/2
   194 | D:1      | Reached skill level 5 in Crossbows
   706 | D:1      | Reached XP level 3. HP: 16/22 MP: 3/3
   788 | D:1      | You fall into a shaft and drop 1 floor!
   837 | D:2      | Found a bloodstained altar of Trog.
   844 | D:2      | Became a worshipper of Trog the Wrathful
   876 | D:2      | Reached skill level 6 in Crossbows
   876 | D:2      | Reached XP level 4. HP: 25/27 MP: 4/4
  1077 | D:2      | Found a faded altar of an unknown god.
  1679 | D:2      | Found a stormy altar of Qazlal.
  2071 | D:3      | Reached XP level 5. HP: 14/31 MP: 5/5
  2380 | D:3      | Reached * piety under Trog
  2446 | D:3      | Reached skill level 1 in Short Blades
  3009 | D:3      | Reached XP level 6. HP: 25/36 MP: 6/6
  3239 | D:3      | Reached skill level 1 in Armour
  3379 | D:4      | Reached skill level 1 in Throwing
  3655 | D:4      | Reached XP level 7. HP: 30/41 MP: 7/7
  3935 | D:4      | Found a glowing drain.
  3938 | D:4      | Reached skill level 7 in Crossbows
  3948 | Sewer    | Entered a sewer
  3954 | Sewer    | Noticed Purgy
  3963 | Sewer    | Killed Purgy
  4138 | Sewer    | Reached ** piety under Trog
  4265 | D:4      | Found a staircase to the Ecumenical Temple.
  4723 | D:5      | Entered Level 5 of the Dungeon
  4738 | D:5      | Got a faintly humming chain mail
  4798 | D:5      | Reached XP level 8. HP: 46/46 MP: 8/8
  4890 | D:5      | Found Arur's Armour Shop.
  4904 | D:5      | Found a snail-covered altar of Cheibriados.
  4912 | D:5      | Found a glowing silver altar of Zin.
  4912 | D:5      | Found a shimmering altar of Xom.
  4912 | D:5      | Found an ornate altar of the Wu Jian Council.
  4928 | D:5      | Reached skill level 5 in Dodging
  5701 | D:5      | Bought a +1 pair of boots of stealth for 214 gold pieces
  5737 | D:4      | Found a shadowy altar of Dithmenos.
  5737 | D:4      | Found a sacrificial altar of Ru.
  5911 | D:6      | Reached skill level 5 in Short Blades
  6165 | D:6      | Reached *** piety under Trog
  6263 | D:6      | Reached XP level 9. HP: 46/52 MP: 9/9
  6443 | D:6      | Noticed a two-headed ogre
  6447 | D:6      | Killed a two-headed ogre
  6448 | D:6      | Reached skill level 8 in Crossbows
  6448 | D:6      | Reached skill level 5 in Stealth
  6548 | D:6      | Slain by an orc warrior

Illustrated notes

Levels and vault maps discovered:
D:1:      lightli_molten_gateway, layout_rooms, minmay_cupped
D:2:      layout_rooms, nicolae_overflow_crystal_walls,
          chequers_ecumenical_altar_island, nicolae_qazlal_general_emergency
D:3:      layout_basic, lemuel_old_faithful
D:4:      layout_rooms, nicolae_overflow_hidden_temple,
          minmay_temple_entry_from_below_a, gup_sewer_entry_bubbles
D:5:      layout_basic, grunt_temple_overflow_open, serial_shops, shop,
          lemuel_flamethrower_1
D:6:      minmay_clustersquares, layout_basic

Skill      XL: |  1  2  3  4  5  6  7  8  9 |
---------------+----------------------------+-----
Dodging        | 3 4 6 7 |  7.4
Crossbows      | 5 6 7 8 |  8.1
Short Blades   | 1 2 4 5 7 |  7.3
Stealth        | 2 3 4 5 |  5.7
Armour         | 1 2 3 |  3.1
Throwing       | 1 2 3 4 |  4.2
Fighting       | 3 4 |  4.9

Action                   |  1- 3 |  4- 6 |  7- 9 || total
-------------------------+-------+-------+-------++-------
Melee: Short sword       |    11 |   168 |   118 ||   297
       Dagger            |     7 |       |   118 ||   125
       Hand crossbow     |       |     1 |       ||     1
 Fire: Hand crossbow     |    36 |    36 |    13 ||    85
Throw: Dart              |       |    22 |     5 ||    27
Invok: Trog's Hand       |       |       |     1 ||     1
  Use: Scroll            |     3 |     8 |     6 ||    17
 Stab: Sleeping          |       |     4 |    16 ||    20
       Distracted        |       |       |     2 ||     2
Armor: Leather armour    |     2 |       |       ||     2
       Ring mail         |     8 |    52 |    61 ||   121
Dodge: Dodged            |    19 |   139 |   188 ||   346
